 Dungeon Crawl Stone Soup version 0.20.0-15-g7f486f2 (webtiles) character file.

149 pib the Conjurer (level 5, -1/28 HPs)
             Began as a Deep Elf Conjurer on June 22, 2017.
             Slain by a gnoll
             ... wielding a +0 flail
              (9 damage)
             ... on level 4 of the Dungeon.
             The game lasted 00:07:46 (3114 turns).

pib the Conjurer (Deep Elf Conjurer)                Turns: 3114, Time: 00:07:46

Health: -1/28      AC:  3    Str:  5    XL:     5   Next: 9%
Magic:  1/13       EV: 14    Int: 21    God:
Gold:   166        SH:  0    Dex: 15    Spells: 2/12 levels left

rFire    . . .     SeeInvis .   k - +0 rapier
rCold    . . .     Gourm    .   (no shield)
rNeg     . . .     Faith    .   a - +0 robe
rPois    .         Spirit   .   (no helmet)
rElec    .         Reflect  .   (no cloak)
rCorr    .         Harm     .   t - +0 pair of gloves
MR       .....                  (no boots)
Stlth    ++........             d - amulet of regeneration
Regen    0.5/turn               (no ring)
MPRegen  0.2/turn               (no ring)

@: no status effects
A: no striking features
a: no special abilities


You were on level 4 of the Dungeon.
You were hungry.

You visited 1 branch of the dungeon, and saw 4 of its levels.

You collected 166 gold pieces.

Inventory:

Hand Weapons
 h - a +0 spear
 k - a +0 rapier (weapon)
Armour
 a - a +0 robe (worn)
 t - a +0 pair of gloves (worn)
Jewellery
 d - an amulet of regeneration (around neck)
 s - a +3 ring of strength {unknown}
 u - an uncursed ring of magical power {unknown}
Scrolls
 i - 2 scrolls of magic mapping
 m - a scroll of enchant weapon
 p - a scroll of identify
Potions
 e - 2 potions of lignification
 f - a potion of ambrosia {unknown}
 j - 3 potions of curing {unknown}
 l - a potion of heal wounds {unknown}
 n - a potion of resistance {unknown}
 r - a potion of magic {unknown}
 v - a potion of might {unknown}
Books
 b - a book of Conjurations

   Spells                             Type                      Level
   a - Magic Dart                     Conjuration                  1
   b - Searing Ray                    Conjuration                  2
   c - Dazzling Spray                 Conjuration/Hexes            3
   d - Fulminant Prism                Conjuration/Hexes            4
   e - Force Lance                    Conjuration/Translocation    4
   f - Iskenderun's Mystic Blast      Conjuration                  4
Comestibles
 c - 7 bread rations
 g - a royal jelly
 q - a meat ration


   Skills:
 + Level 3.4 Dodging
 - Level 2.4 Stealth
 + Level 4.2 Spellcasting
 * Level 5.9 Conjurations
 + Level 1.3 Hexes


You had 2 spell levels left.
You knew the following spells:

 Your Spells              Type           Power        Failure   Level  Hunger
a - Magic Dart            Conj           ####         1%          1    None
b - Searing Ray           Conj           ####..       1%          2    #......
c - Dazzling Spray        Conj/Hex       ###...       8%          3    ###....
d - Fulminant Prism       Conj/Hex       ###.......   26%         4    ####...


Dungeon Overview and Level Annotations

Branches:
Dungeon (4/15)
 Temple: D:4-7

Altars:

Annotations:
D:3 Exporg's ghost, amateur MiMo


Message History

Aim: a gnoll, wielding a flail The searing ray hits the gnoll.
The gnoll is heavily wounded. (Press . to maintain the ray.)
The gnoll hits you with a flail.
The searing ray hits the gnoll.
The gnoll is heavily wounded.
The gnoll hits you with a flail.
The searing ray hits the gnoll.
The gnoll is severely wounded.
The gnoll hits you with a flail!
* * * LOW HITPOINT WARNING * * *
The searing ray misses the gnoll.
You finish channeling your searing ray.
Casting: Searing Ray
Confirm with . or Enter, or press ? or * to list all spells.
Aiming: Dazzling Spray
Press: ? - help, Shift-Dir - straight line, f/p - gnoll
Aim: a gnoll, wielding a flail (severely wounded)
The spray of energy misses the gnoll.
The gnoll hits you with a flail!
You die...

..................#
......######.##.###
...........#.##.#
.###.#.###.#.#..#
.###.#####.#.#.#######
>....................#
####.#####.#.#.####.##
#*,#.##.##.#.#.####.##
,,,#.##....#....@g)..#
**,#.##.##.###.####..#
,,,#...<.......# *..#
***#############***..#
,,,,,,,,,,,,,,,,,,,g.#
*******************#.#
*.# *g# *,*


You could see a gnoll.

Vanquished Creatures
  3 gnolls
  5 adders
  An ooze (D:3)
  An adder skeleton (D:4)
  2 dart slugs (D:1)
  2 leopard geckos
  5 orcs
  2 giant cockroaches (D:3)
  3 goblins (D:1)
  8 hobgoblins
  4 jackals (D:1)
  9 kobolds
  2 quokkas (D:2)
  7 bats
  3 rats
57 creatures vanquished.

Notes
Turn   | Place    | Note
-------+----------+-------------------------------------------
     0 | D:1      | pib the Deep Elf Conjurer began the quest for the Orb.
     0 | D:1      | Reached XP level 1. HP: 10/10 MP: 6/6
   279 | D:1      | Reached XP level 2. HP: 15/15 MP: 5/8
   466 | D:2      | Reached skill level 5 in Conjurations
   468 | D:2      | Reached XP level 3. HP: 2/19 MP: 1/9
  1771 | D:1      | Reached XP level 4. HP: 24/24 MP: 8/11
  2108 | D:2      | Learned a level 2 spell: Searing Ray
  2112 | D:2      | Learned a level 3 spell: Dazzling Spray
  2380 | D:3      | Noticed Exporg's ghost (amateur MiMo)
  2741 | D:3      | You fall through a shaft!
  2754 | D:4      | Reached skill level 1 in Hexes
  3092 | D:4      | Reached XP level 5. HP: 28/28 MP: 10/13
  3098 | D:4      | Learned a level 4 spell: Fulminant Prism
  3114 | D:4      | Slain by a gnoll

Skill      XL: |  1  2  3  4 |
---------------+-------------+-----
Conjurations   | 5 |  5.9
Dodging        | 3 |  3.4
Spellcasting   | 4 |  4.2
Hexes          | 1 |  1.3
Stealth        | |  2.4

Action                   |  1- 3 |  4- 6 || total
-------------------------+-------+-------++-------
Melee: Spear             |     7 |    11 ||    18
 Cast: Magic Dart        |    70 |    55 ||   125
       Dazzling Spray    |       |     5 ||     5
       Searing Ray       |       |     4 ||     4
  Use: Scroll            |       |     4 ||     4
       Potion            |       |     1 ||     1
  Eat: Chunk             |     2 |     4 ||     6
Armor: Robe              |     3 |     2 ||     5
       Skin              |       |    13 ||    13
Dodge: Dodged            |    22 |     8 ||    30
